 Dungeon Crawl Stone Soup version 0.20-a0-972-gb9bd3e6 (webtiles) character file.

223 Angani the Thaumaturge (level 5, -5/28 HPs)
             Began as a Deep Elf Air Elementalist on Apr 9, 2017.
             Slain by a two-headed ogre
             ... wielding a +0 giant spiked club
              (26 damage)
             ... on level 4 of the Dungeon.
             The game lasted 00:11:05 (4216 turns).

Angani the Thaumaturge (Deep Elf Air Elementalist)  Turns: 4216, Time: 00:11:06

Health: -5/28      AC:  9    Str:  5    XL:     5   Next: 66%
Magic:  16/17      EV: 13    Int: 21    God:
Gold:   195        SH:  0    Dex: 15    Spells: 14/20 levels left

rFire    + . .     SeeInvis .   v - +1 mace (drain)
rCold    x . .     Gourm    .   (no shield)
rNeg     + . .     Faith    .   t - +0 robe
rPois    .         Spirit   .   w - +2 helmet
rElec    .         Reflect  .   (no cloak)
rCorr    .         Harm     .   d - +2 pair of gloves
MR       .....                  y - +0 pair of boots
Stlth    ++........             u - amulet of magic regeneration
Regen    0.1/turn               n - ring of fire
MPRegen  0.3/turn               h - ring of positive energy

@: about to teleport
A: no striking features
a: no special abilities


You were on level 4 of the Dungeon.
You were not hungry.

You visited 1 branch of the dungeon, and saw 4 of its levels.

You collected 195 gold pieces.

Inventory:

Hand Weapons
 v - a +1 mace of draining (weapon)
Armour
 d - a +2 pair of gloves (worn)
 t - a +0 robe (worn)
 w - a +2 helmet (worn)
 y - a +0 pair of boots (worn)
Jewellery
 h - a ring of positive energy (right hand)
 n - a ring of fire (left hand)
 u - an amulet of magic regeneration (around neck)
Scrolls
 e - a scroll of identify
 j - 4 scrolls of remove curse
Books
 b - a book of Air

   Spells                             Type                      Level
   a - Shock                          Conjuration/Air              1
   b - Swiftness                      Charms/Air                   2
   c - Static Discharge               Conjuration/Air              3
   d - Airstrike                      Air                          4
   e - Lightning Bolt                 Conjuration/Air              5
Comestibles
 c - 4 bread rations
 f - 2 royal jellies
 i - 2 meat rations
 z - 3 fruits


   Skills:
 - Level 2.4 Dodging
 - Level 2.4 Stealth
 + Level 8.1 Spellcasting
 - Level 1.1 Conjurations
 - Level 3.0 Air Magic


You had 14 spell levels left.
You knew the following spells:

 Your Spells              Type           Power        Failure   Level  Hunger
a - Shock                 Conj/Air       ###.         3%          1    None
b - Swiftness             Chrm/Air       ##......     8%          2    None
c - Static Discharge      Conj/Air       ###.....     12%         3    None


Dungeon Overview and Level Annotations

Branches:
Dungeon (4/15)
 Temple: D:4-7

Altars:
Cheibriados
Hepliaklqana
Kikubaaqudgha
Nemelex Xobeh
Ru
Uskayaw
Wu Jian
Xom

Portals:
Sewer: D:4


Message History

The two-headed ogre is lightly wounded.
The zap hits the leopard gecko.
The leopard gecko is heavily wounded.
The leopard gecko bites you.
Unknown command.
Casting: Shock
Confirm with . or Enter, or press ? or * to list all spells.
Aiming: Shock
Press: ? - help, Shift-Dir - straight line, f/p - two-headed ogre
Aim: a two-headed ogre, wielding two giant spiked clubs (lightly wounded)
The zap hits the leopard gecko.
You kill the leopard gecko!
The zap hits the two-headed ogre.
The two-headed ogre is lightly wounded.
Unknown command.
As you read the scroll of teleportation, it crumbles to dust.
You feel strangely unstable.
The two-headed ogre hits you with a giant spiked club!!
Ouch! That really hurt!
You die...

### ## #.. ..#.. #.####.#.#
#.#...... # # #.#.##.#+#....
# #.#...<....... # ######
#.#..#.?......
######....#####.#..#........
.....+....+...lO@...........
######....###.###..#........
.....+....+.#†# ..#........
######....#.#l###..#........
# #..........#..#........
######.####...#$#..#
#.........#≈≈≈#.#...
#.........#≈≈≈###..##
..........#≈≈≈#. ..


You could see a two-headed ogre and a leopard gecko.

Vanquished Creatures
  The ghost of Angani the Skirmisher, an amateur DrWn (D:3)
  An orc priest (D:3)
  Robin (D:2)
  3 worms
  2 dart slugs (D:1)
  4 leopard geckos
  2 orcs (D:3)
  3 ball pythons
  2 giant cockroaches
  13 goblins
  13 hobgoblins
  2 jackals (D:3)
  6 kobolds
  A quokka (D:2)
  7 bats
  3 frilled lizards
  6 rats
70 creatures vanquished.

Notes
Turn   | Place    | Note
-------+----------+-------------------------------------------
     0 | D:1      | Angani the Deep Elf Air Elementalist began the quest for the Orb.
     0 | D:1      | Reached XP level 1. HP: 10/10 MP: 6/6
   272 | D:1      | Reached skill level 4 in Spellcasting
   272 | D:1      | Reached XP level 2. HP: 15/15 MP: 7/9
   776 | D:2      | Learned a level 2 spell: Swiftness
   836 | D:2      | Found a snail-covered altar of Cheibriados.
  1491 | D:2      | Found a hide-covered altar of Uskayaw.
  1491 | D:2      | Found a sacrificial altar of Ru.
  1544 | D:2      | Reached XP level 3. HP: 19/19 MP: 7/11
  1585 | D:2      | Reached skill level 5 in Spellcasting
  1881 | D:2      | Noticed Robin
  2186 | D:1      | Learned a level 3 spell: Static Discharge
  2641 | D:2      | Found a sparkling altar of Nemelex Xobeh.
  2644 | D:2      | Found an ancient bone altar of Kikubaaqudgha.
  2646 | D:2      | Found a shimmering altar of Xom.
  2706 | D:2      | Killed Robin
  2811 | D:2      | Reached XP level 4. HP: 24/24 MP: 10/13
  2848 | D:2      | Found a hazy altar of Hepliaklqana.
  2930 | D:3      | Reached skill level 6 in Spellcasting
  3602 | D:3      | Noticed Angani's ghost (amateur DrWn)
  3657 | D:3      | Killed Angani's ghost
  3657 | D:3      | Reached skill level 7 in Spellcasting
  3657 | D:3      | Reached XP level 5. HP: 18/28 MP: 0/17
  3823 | D:3      | Found an ornate altar of the Wu Jian Council.
  4059 | D:4      | Noticed a two-headed ogre
  4124 | D:3      | Reached skill level 8 in Spellcasting
  4204 | D:4      | Found a glowing drain.
  4216 | D:4      | Slain by a two-headed ogre

Vault maps used:
D:1:      elethiomel_arrival_maze
D:2:      cheibriados_altar_1, lemuel_coloured_pillars_altar,
          grunt_temple_overflow_open, gammafunk_temple_overflow_pools,
          uniq_robin
D:3:      overflow_temple_1_default, first_bread
D:4:      nicolae_tso_carved_into_rock, portal_sewer_entry_f

Skill      XL: |  1  2  3  4  5 |
---------------+----------------+-----
Spellcasting   | 4 5 7 8 |  8.1
Dodging        | |  2.4
Stealth        | |  2.4
Conjurations   | |  1.1
Air Magic      | |  3.0

Action                   |  1- 3 |  4- 6 || total
-------------------------+-------+-------++-------
Melee: Dagger            |     5 |       ||     5
       Mace              |     1 |     9 ||    10
 Cast: Shock             |   115 |    55 ||   170
       Static Discharge  |     4 |     5 ||     9
       Swiftness         |     1 |       ||     1
  Use: Potion            |       |     4 ||     4
       Scroll            |       |    10 ||    10
  Eat: Chunk             |     6 |     4 ||    10
Armor: Robe              |     5 |     4 ||     9
Dodge: Dodged            |    21 |    26 ||    47
